 Dungeon Crawl Stone Soup version 0.31.0-32-g396128a36d (webtiles) character file.

Game seed: 14817506686808639468

14 mparten the Gusty (level 2, 0/20 HPs)
             Began as a Draconian Air Elementalist on Mar 31, 2024.
             Slain by a goblin
             ... wielding a +2 dagger of freezing
             ... led by Robin
              (2 damage)
             ... on level 2 of the Dungeon.
             The game lasted 00:00:52 (297 turns).

mparten the Gusty (Draconian Air Elementalist)       Turns: 297, Time: 00:00:53

Health: 0/20       AC:  4    Str: 10    XL:     2   Next: 27%
Magic:  1/5        EV: 12    Int: 15    God:
Gold:   0          SH:  0    Dex: 11    Spells: 4/5 levels left

rFire   . . .        (no weapon)
rCold   . . .        (no shield)
rNeg    . . .        (body armour unavailable)
rPois   .            (helmet restricted)
rElec   .            (no cloak)
rCorr   .            (no gloves)
SInv    .            (no boots)
Will    .....        (no amulet)
Stlth   ++           (no ring)
HPRegen 0.23/turn    (no ring)
MPRegen 0.09/turn

%: no passive effects
@: no status effects
A: AC +4, unfitting armour, cold-blooded
a: no special abilities


You were on level 2 of the Dungeon.
You visited 1 branch of the dungeon, and saw 2 of its levels.

Inventory:

Scrolls
 b - a scroll of amnesia {unknown}
Potions
 a - a potion of magic
 c - a potion of mutation {unknown}


   Skills:
 - Level 1.7 Dodging
 - Level 1.7 Stealth
 + Level 2.2 Spellcasting
 + Level 1.5 Conjurations
 + Level 3.2 Air Magic


You had 4 spell levels left.
You knew the following spells:

 Your Spells              Type           Power      Damage    Failure   Level
a - Shock                 Conj/Air       32%        1d5       9%          1

Your spell library contained the following spells:

 Spells                   Type           Power      Damage    Failure   Level
 Static Discharge         Conj/Air       16%        3-4/arc   12%         2
 Swiftness                Air            11%        N/A       17%         3
 Airstrike                Air            5%         2d(1-17)  50%         4


Dungeon Overview and Level Annotations

Branches:
Dungeon (1/15)

Altars:

Annotations:
D:2 Robin


Innate Abilities, Weirdness & Mutations

Your plain brown scales are hard. (AC +4)
You cannot fit into any form of body armour.
You are cold-blooded and may be slowed by cold attacks.


Message History

You hit the goblin.
Your tail-slap misses the goblin.
The goblin is severely wounded.
The goblin misses you.
You closely miss the goblin.
The goblin is severely wounded.
The goblin hits you with a +0 club.
You take 4 damage, and have 11/20 hp.
You barely miss the goblin.
The goblin is severely wounded.
The goblin barely misses you. Robin throws the goblin at you!
You take 1 damage, and have 10/20 hp.
You hit the goblin.
The goblin is heavily wounded.
The goblin closely misses you. x2
You closely miss the goblin.
The goblin is heavily wounded.
The goblin hits you but does no damage. The goblin hits you with a +0 club.
You take 3 damage, and have 7/20 hp.
You hit the goblin.
Your tail-slap misses the goblin.
The goblin is severely wounded.
The goblin hits you with a +0 club.
* * * LOW HITPOINT WARNING * * *
The goblin hits you with a +0 club.
* * * LOW HITPOINT WARNING * * *
You take 3 damage, and have 4/20 hp.
You hit the goblin.
You kill the goblin!
The goblin hits you but does no damage.
Robin roars a battlecry!
The goblin attacks as it pursues you! The goblin barely misses you.
You hear a shout! x3
Things that are here:
a +0 club; a goblin corpse A goblin comes into view.
It is wielding a +2 dagger of freezing.
Robin says, "My goblins will feast on your bones."
Robin throws the goblin at you!
The goblin hits you with a +2 dagger of freezing.
* * * LOW HITPOINT WARNING * * *
The goblin freezes you.
You die...

#.. #.#
#######.####.#
.g).g..r..)r.#
#g# #.# #g#
#.# #@# #g# .
#######.# #[
#...[...# .#
#.#######
.##### #.#
.....## #.#
...#..# #.#
......# #.#


You could see Robin, 2 goblins and a rat.

Vanquished Creatures
  4 goblins (D:2)
  A hobgoblin (D:1)
  4 jackals (D:2)
  A bat (D:1)
  A frilled lizard (D:1)
11 creatures vanquished.

Notes
Turn   | Place    | Note
-------+----------+-------------------------------------------
     0 | D:1      | mparten the Draconian Air Elementalist began the quest for
                  | the Orb.
     0 | D:1      | Reached XP level 1. HP: 14/14 MP: 3/3
   137 | D:1      | You fall into a shaft and drop 1 floor!
   173 | D:2      | Reached XP level 2. HP: 7/20 MP: 1/5
   281 | D:2      | Noticed Robin
   297 | D:2      | Slain by a goblin

Illustrated notes

Levels and vault maps discovered:
D:1:      dpeg_arrival_rooms_with_view, layout_rooms, kennysheep_crisscross,
          hex_tiny, minmay_misc_feat_columns
D:2:      layout_loops_ring, nicolae_houndstooth_variations, uniq_robin,
          uniq_natasha

Action                     || total
---------------------------++-------
  Melee: Unarmed           ||    33
         Tailslap          ||     4
   Cast: Shock             ||    15
 Armour: Skin              ||    28
  Dodge: Dodged            ||    28
